 Dungeon Crawl Stone Soup version 0.20.1-1-g8b1a95d (webtiles) character file.

54 McKennaii the Conjurer (level 3, -4/26 HPs)
             Began as a Draconian Conjurer on Aug 6, 2017.
             Slain by an orc
             ... wielding a +0 hand axe
              (5 damage)
             ... on level 3 of the Dungeon.
             The game lasted 00:03:56 (2205 turns).

McKennaii the Conjurer (Draconian Conjurer)         Turns: 2205, Time: 00:03:59

Health: -4/26      AC:  8    Str:  8 (10) XL:     3   Next: 66%
Magic:  0/6        EV: 12    Int: 15 (16) God:
Gold:   125        SH:  0    Dex:  9 (11) Spells: 6/7 levels left

rFire    . . .     SeeInvis .   (no weapon)
rCold    . . .     Gourm    .   (no shield)
rNeg     . . .     Faith    .   (armour unavailable)
rPois    .         Spirit   .   (helmet restricted)
rElec    .         Reflect  .   o - +0 cloak
rCorr    .         Harm     .   e - +1 pair of gloves
MR       .....                  (no boots)
Stlth    ++........             (no amulet)
Regen    0.1/turn               (no ring)
MPRegen  0.1/turn               (no ring)

@: no status effects
A: unfitting armour, cold-blooded, AC +5
a: no special abilities


You were on level 3 of the Dungeon.
You were not hungry.

You visited 1 branch of the dungeon, and saw 3 of its levels.

You collected 125 gold pieces.

Inventory:

Armour
 e - a +1 pair of gloves (worn)
 o - a +0 cloak (worn)
Wands
 m - a wand of iceblast (3/15)
Scrolls
 c - a scroll of enchant weapon {unknown}
 d - 6 scrolls of identify
 g - a scroll of immolation {unknown}
 h - 2 scrolls of teleportation
 j - 2 scrolls of magic mapping {unknown}
Potions
 n - a potion of lignification {unknown}
 p - a potion of berserk rage
 q - a potion of heal wounds {unknown}
Books
 a - a book of Conjurations

   Spells                             Type                      Level
   a - Magic Dart                     Conjuration                  1
   b - Searing Ray                    Conjuration                  2
   c - Dazzling Spray                 Conjuration/Hexes            3
   d - Fulminant Prism                Conjuration/Hexes            4
   e - Force Lance                    Conjuration/Translocation    4
   f - Iskenderun's Mystic Blast      Conjuration                  4
Comestibles
 b - 3 bread rations
 f - a meat ration
 k - a royal jelly


   Skills:
 + Level 1.9 Dodging
 + Level 1.8 Stealth
 + Level 0.6 Unarmed Combat
 * Level 2.5 Spellcasting
 + Level 4.8 Conjurations


You had 6 spell levels left.
You knew the following spells:

 Your Spells              Type           Power        Failure   Level  Hunger
a - Magic Dart            Conj           ###.         2%          1    #......


Dungeon Overview and Level Annotations

Branches:
Dungeon (3/15)

Altars:
Nemelex Xobeh
The Shining One


Innate Abilities, Weirdness & Mutations

Your plain brown scales are hard. (AC +5)
You cannot fit into any form of body armour.
You are cold-blooded and may be slowed by cold attacks.


Message History

You barely miss the orc wizard.
The orc wizard is severely wounded.
The orc wizard hits you but does no damage.
The orc hits you with a hand axe.
* * * LOW HITPOINT WARNING * * *
You hit the orc wizard.
You tail-slap the orc wizard, but do no damage.
The orc wizard is almost dead.
The orc wizard misses you. The orc closely misses you.
You miss the orc wizard.
The orc wizard is almost dead.
The orc wizard hits you but does no damage.
The orc barely misses you.
You hit the orc wizard but do no damage.
The orc wizard is almost dead.
The orc wizard gestures at you while chanting.
The puff of flame hits you!
* * * LOW HITPOINT WARNING * * *
The orc hits you with a hand axe.
You die...

.. .o #S #o #K
#o
#o#############
#o@...........#
#############.#
#......#.#
#.####.#.# #.#
#.#.# #.# #.#.#
#.# #.#.#
######.## #.#.#
#.......# #.#.#


You could see 2 orc wizards, an adder, 3 orcs and a kobold.

Vanquished Creatures
  2 adders (D:2)
  3 worms (D:2)
  A dart slug (D:2)
  2 leopard geckos
  2 bats
  2 giant cockroaches
  3 hobgoblins
  2 kobolds
  A quokka (D:2)
  A frilled lizard (D:1)
  3 goblins
  2 rats
24 creatures vanquished.

Notes
Turn   | Place    | Note
-------+----------+-------------------------------------------
     0 | D:1      | McKennaii the Draconian Conjurer began the quest for the Orb.
     0 | D:1      | Reached XP level 1. HP: 14/14 MP: 3/3
   540 | D:1      | Reached XP level 2. HP: 20/20 MP: 3/5
   981 | D:2      | Found a sparkling altar of Nemelex Xobeh.
  1172 | D:2      | Reached XP level 3. HP: 26/26 MP: 2/6
  1618 | D:2      | Found a glowing golden altar of the Shining One.
  2205 | D:3      | HP: 1/26 [orc wizard/puff of flame (4)]
  2205 | D:3      | Slain by an orc

Action                   || total
-------------------------++-------
Melee: Unarmed           ||    66
       Tailslap          ||     4
 Cast: Magic Dart        ||    58
  Use: Potion            ||     3
       Scroll            ||     1
  Eat: Chunk             ||     5
Armor: Skin              ||    22
Dodge: Dodged            ||    44
